 Dungeon Crawl Stone Soup version 0.18-a0-1120-g03bd624 (webtiles) character file.

28 gorblad the Skirmisher (level 3, 0/29 HPs)
             Began as a Demonspawn Abyssal Knight on Jan 17, 2016.
             Was a Follower of Lugonu.
             Killed from afar by an orc wizard (11 damage)
             ... with a puff of flame
             ... on level 1 of the Dungeon.
             The game lasted 00:02:14 (1018 turns).

gorblad the Skirmisher (Demonspawn Abyssal Knight)  Turns: 1018, Time: 00:02:14

Health: 0/29       AC:  5    Str: 13    XL:     3   Next: 0%
Magic:  4/4        EV: 11    Int: 13    God:    Lugonu [*.....]
Gold:   67         SH:  2    Dex: 12    Spells: 0 memorised, 2 levels left

rFire  . . .     SeeInvis .     a - +1 falchion
rCold  . . .     Gourm    .     b - +0 leather armour
rNeg   . . .     Faith    .     (no shield)
rPois  .         Spirit   .     (no helmet)
rElec  .         Dismiss  .     (no cloak)
rCorr  .         Reflect  .     (no gloves)
SustAt .         Harm     .     (no boots)
MR     .....                    (no amulet)
Stlth  +.........               (no ring)
                                (no ring)

@: not resistant to hostile enchantments, very unstealthy
A: talons 1, large bone plates 1
a: Depart the Abyss, Renounce Religion


You were on level 1 of the Dungeon.
You worshipped Lugonu.
Lugonu was aware of your devotion.
You were hungry.

You visited 1 branch of the dungeon, and saw 1 of its levels.
You visited the Abyss 1 time.

You collected 67 gold pieces.

Inventory:

Hand Weapons
 a - a +1 falchion (weapon)
Armour
 b - a +0 leather armour (worn)
Scrolls
 d - a scroll of identify {unknown}
 i - a scroll of magic mapping {unknown}
 j - a scroll of blinking {unknown}
Potions
 e - 2 potions of agility {unknown}
 f - a potion of haste {unknown}
 h - a potion of curing {unknown}
Comestibles
 c - a bread ration


   Skills:
 + Level 3.6 Fighting
 + Level 2.0 Long Blades
 + Level 2.1 Armour
 + Level 1.2 Dodging
 - Level 2.4 Invocations


You had 2 spell levels left.
You didn't know any spells.

Dungeon Overview and Level Annotations

Branches:
Dungeon (1/15)

Altars:


Innate Abilities, Weirdness & Mutations

You have sharp toenails.
You are partially covered in large bone plates (AC +2, SH +2).


Message History

Increase (S)trength, (I)ntelligence, or (D)exterity?
You feel stronger.
Your demonic ancestry asserts itself...
Your toenails lengthen and sharpen.
The orc hits you with an enchanted whip.
The orc wizard casts a spell at you.
You are confused.
You barely miss the orc wizard. The orc wizard barely misses you.
You completely miss the orc wizard.
The orc wizard hits you with an enchanted dagger.
You bump into the rock wall.
The orc wizard barely misses you.
You bump into the rock wall.
You feel less confused. You block the orc wizard's attack.
You closely miss the orc wizard.
The orc wizard hits you but does no damage.
You hit the orc wizard but do no damage.
Your kick misses the orc wizard.
The orc wizard points at you and mumbles some strange words.
The puff of flame hits you!
You die...

###.### #.# #.#.### #...# #.#
#.#.... #####.# #.# #.#.### .#
#.#################.###.#.# .#
#.##......##..........#.#.#
.####.##......##.######.#.#.#.###
.......'......'.............)....
.####.##......##)#####....#.#'###
....#.##########@# #...##.....#
..#.#.##### #o# #...##.....#
..#.......######o#####...##......
..###.###.....##oo...)...##.....#
>..................o.............
###.#####.....##..........#.#####
≈≈≈.≈≈§##.....##.................
.≈≈≈≈§.'..######..#####(..#.....#
≈.....≈#..# #..........#......


You could see an orc wizard and 3 orcs.

Vanquished Creatures
  An orc (D:1)
  A giant cockroach (D:1)
  6 goblins (D:1)
  A hobgoblin (D:1)
  6 jackals (D:1)
  2 bats (D:1)
  A giant newt (D:1)
  4 kobolds (D:1)
  3 rats (D:1)
25 creatures vanquished.

Notes
Turn   | Place    | Note
--------------------------------------------------------------
     0 | Abyss:1  | gorblad the Demonspawn Abyssal Knight began the quest for the Orb.
     0 | Abyss:1  | Reached XP level 1. HP: 18/18 MP: 2/2
    61 | Abyss:1  | Noticed a worldbinder
    62 | Abyss:1  | Noticed a water moccasin
    63 | Abyss:1  | Noticed a water moccasin
    74 | Abyss:1  | Noticed a naga
    74 | Abyss:1  | Noticed a water moccasin
    74 | D:1      | Escaped the Abyss
   101 | D:1      | Reached * piety under Lugonu
   342 | D:1      | Gained mutation: You are partially covered in large bone plates (AC +2, SH +2). [demonic ancestry]
   342 | D:1      | Reached XP level 2. HP: 24/24 MP: 3/3
   392 | D:1      | Reached skill level 1 in Dodging
  1004 | D:1      | Gained mutation: You have sharp toenails. [demonic ancestry]
  1004 | D:1      | Reached XP level 3. HP: 12/29 MP: 4/4
  1018 | D:1      | Killed from afar by an orc wizard

Vault maps used:
D:1:      ncdulo_lavacross

Action                   || total
-------------------------++-------
Melee: Falchion          ||    82
Invok: Depart the Abyss  ||     1
